 Dungeon Crawl Stone Soup version 0.27-a0-401-gea03ee85fd (webtiles) character file.

Game seed: 13967856738002924563

18739 Anon1729 the Covert (level 12, 0/103 HPs)
             Began as a Ghoul Monk on Feb 21, 2021.
             Was an Elder of Uskayaw.
             Slain by a hell rat (13 damage)
             ... on level 12 of the Dungeon.
             The game lasted 00:42:46 (14383 turns).

Anon1729 the Covert (Ghoul Monk)                   Turns: 14383, Time: 00:42:47

Health: 0/103      AC: 13    Str: 23    XL:     12   Next: 61%
Magic:  16/18      EV: 14    Int:  4    God:    Uskayaw [****..]
Gold:   680        SH:  0    Dex: 14    Spells: 9/11 levels left

rFire    + . .     SeeInvis .   A - +5 demon blade (elec)
rCold    + . .     Faith    .   (no shield)
rNeg     + + +     Spirit   .   v - +2 robe {rF+}
rPois    ∞         Reflect  .   r - +0 helmet
rElec    .         Harm     .   Q - +2 ratskin cloak {*Rats rPois rN+ Str-1 Int-1 Dex+1}
rCorr    .         Rampage  .   R - +0 pair of gloves
Will     .....                  n - +2 pair of boots
Stlth    +++++.....             H - amulet of regeneration
HPRegen  0.00/turn              g - +6 ring of strength
MPRegen  0.16/turn              (no ring)

@: no status effects
A: claws 1, cold resistance 1, negative energy resistance 3, inhibited
regeneration, torment resistance, unbreathing
a: Renounce Religion, Stomp, Line Pass


You were on level 12 of the Dungeon.
You worshipped Uskayaw.
Uskayaw was aware of your devotion.
You visited 2 branches of the dungeon, and saw 13 of its levels.
You also visited: Ossuary and Ice Cave.

You collected 680 gold pieces.

Inventory:

Hand Weapons
 b - a +2 quarterstaff of speed
 e - a +2 bardiche of freezing
 k - a +2 dagger of draining
 p - a +2 dagger of flaming
 s - a +2 dagger of protection
 z - a +2 demon trident of freezing
 A - a +5 demon blade of electrocution (weapon)
 C - a +2 dagger of venom
 W - a +1 vampiric dagger
Missiles
 d - 68 poisoned darts (quivered)
Armour
 n - a +2 pair of boots (worn)
 r - a +0 helmet (worn)
 v - a +2 robe of fire resistance (worn)
 y - a +0 plate armour
 Q - the +2 ratskin cloak (worn) {*Rats rPois rN+ Str-1 Int-1 Dex+1}
   (You found it on level 8 of the Dungeon)

   It affects your strength (-1).
   It affects your intelligence (-1).
   It affects your dexterity (+1).
   It protects you from poison.
   It protects you from negative energy.
 R - a +0 pair of gloves (worn)
Jewellery
 g - a +6 ring of strength (left hand)
 H - an amulet of regeneration (around neck)
 O - a ring of ice
Wands
 F - a wand of random effects (9)
 I - a wand of iceblast (1)
 M - a wand of paralysis (8)
 N - a wand of flame (7)
Scrolls
 a - 4 scrolls of enchant armour
 c - 5 scrolls of teleportation
 f - a scroll of torment {unknown}
 j - 4 scrolls of fear
 o - 2 scrolls of fog
 q - a scroll of noise {unknown}
 t - a scroll of random uselessness {unknown}
 w - 3 scrolls of blinking
 x - a scroll of immolation {unknown}
 B - 4 scrolls of amnesia
 T - a scroll of silence {unknown}
 U - a scroll of vulnerability
 V - a scroll of magic mapping {unknown}
Potions
 h - 7 potions of invisibility
 i - 2 potions of degeneration {unknown}
 l - a potion of heal wounds
 m - 2 potions of flight
 u - a potion of might {unknown}
 D - 3 potions of lignification {unknown}
 E - 3 potions of brilliance {unknown}
 G - a potion of ambrosia {unknown}
 J - 3 potions of curing
 K - 2 potions of resistance
 L - a potion of haste {unknown}
 P - 3 potions of attraction {unknown}
Miscellaneous
 S - a box of beasts (inert)


   Skills:
 + Level 8.5 Fighting
 - Level 9.1(9.4) Short Blades
 * Level 3.5(6.8) Long Blades
 + Level 6.4 Armour
 * Level 5.1 Dodging
 * Level 12.1 Stealth
 * Level 10.3 Invocations


You had 9 spell levels left.
You knew the following spells:

 Your Spells              Type           Power        Failure   Level
a - Passwall              Tmut/Erth      0%           65%         2

Your spell library contained the following spells:

 Spells                   Type           Power        Failure   Level
 Sandblast                Erth           0%           50%         1
 Confusing Touch          Hex            0%           86%         3
 Gell's Gravitas          Tloc           0%           86%         3
 Stone Arrow              Conj/Erth      0%           86%         3
 Petrify                  Tmut/Erth      0%           99%         4
 Lee's Rapid Deconstruct  Erth           0%           100%        5
 Metabolic Englaciation   Hex/Ice        0%           100%        5
 Yara's Violent Unravell  Hex/Tmut       0%           100%        5


Dungeon Overview and Level Annotations

Branches:
Dungeon (12/15)            Temple (1/1) D:4            Lair (0/6) D:11
    Orc (0/2) D:10        Ossuary (visited)           IceCv (visited)

Altars:
Ashenzari
Cheibriados
Dithmenos
Elyvilon
Fedhas
Gozag
Hepliaklqana
Kikubaaqudgha
Makhleb
Nemelex Xobeh
Okawaru
Qazlal
Ru
Sif Muna
Trog
Uskayaw
Vehumet
Wu Jian
Xom
Yredelemnul
Zin
The Shining One
Beogh

Shops:
D:9 *

Annotations:
D:6 exclusion: downstairs
D:10 2 transporters, bmj180's ghost, journeyman TrMo


Innate Abilities, Weirdness & Mutations

You thrive by killing the living.
You are immune to poison.
You have sharp fingernails.
Your flesh is cold resistant. (rC+)
You are immune to negative energy. (rN+++)
You do not regenerate when monsters are visible.
You are immune to unholy pain and torment.
You can survive without breathing.


Message History

Unknown command.
The bullfrog skeleton is no longer sharing its pain.
The bullfrog skeleton closely misses you.
You hit Rupert.
Rupert is severely wounded.
The hell rat bites you but does no damage.
You slash Rupert!
Rupert is severely wounded.
The hell rat bites you but does no damage.
Rupert yells loudly at you.
You struggle to resist.
Uskayaw will force your foes to share their pain.
Okay, then.
You hit Rupert.
Rupert is severely wounded.
Rupert is no longer sharing his pain.
The hell rat misses you.
Rupert hits you with a +2 vorpal executioner's axe.
* * * LOW HITPOINT WARNING * * *
x2 Unknown command.
You slash Rupert! Lightning courses through Rupert!
You kill Rupert!
You feel better. The hell rat bites you!
* * * LOW HITPOINT WARNING * * *
The bullfrog skeleton hits you but does no damage.
Your Dodging skill increases to level 5!
Your Stealth skill increases to level 12!
Unknown command.
You slice the bullfrog skeleton!!
Lightning courses through the bullfrog skeleton!
You destroy the bullfrog skeleton!
The hell rat misses you.
You riposte.
You closely miss the hell rat.
The hell rat is heavily wounded.
The hell rat bites you but does no damage.
Things that are here:
a +2 vorpal executioner's axe; a +0 chain mail; the human corpse of Rupert
Okay, then.
You hit the hell rat.
The hell rat is almost dead.
The hell rat bites you!
You die...

#......#
###.#######
#........#
#........#
#........#
#........###
####........
###.....#....
#.@r##.##....
......†###
... ...
......#
.#.....
...... ##....
..... ...
..... ...
.... ....


You could see a hell rat.

Vanquished Creatures
  Rupert (D:12)
  A reaper (IceCv)
  Harold (D:8)
  A two-headed ogre (D:9)
  A cyclops (D:11)
  An ugly thing (D:12)
  2 centaur skeletons (D:10)
  2 ice statues (IceCv)
  A komodo dragon (D:11)
  An efreet (D:10)
  10 ice devils (IceCv)
  A hornet (D:10)
  Sigmund (D:6)
  2 wyverns
  7 yaks
  A human (D:10)
  2 hogs (D:10)
  4 vampire mosquitoes (D:12)
  5 orc warriors
  3 sky beasts
  A black bear (D:11)
  3 ice beasts
  A necrophage (D:11)
  5 ogres
  3 phantoms
  7 centaurs
  2 kobold brigands
  An elf zombie (Ossuary)
  4 bullfrogs
  A wyvern zombie (D:10)
  6 scorpions
  A wyvern skeleton (D:9)
  15 killer bees
  12 wights
  3 howler monkeys
  A centaur zombie (D:8)
  A quasit (D:11)
  A bullfrog zombie (D:12)
  2 human zombies (Ossuary)
  9 orc priests
  4 hounds
  5 jellies
  5 iguanas
  2 bullfrog skeletons
  Terence (D:2)
  11 orc wizards
  A hell rat (D:8)
  12 worker ants
  A killer bee zombie (D:7)
  3 hound skeletons
  4 mummies (Ossuary)
  Robin (D:4)
  17 adders
  A howler monkey skeleton (D:5)
  6 river rats (D:8)
  3 shadow imps
  5 white imps
  11 ufetubi
  2 adder skeletons
  An adder zombie (Ossuary)
  3 worms
  4 leopard geckos
  60 orcs
  10 giant cockroaches
  11 goblins
  11 hobgoblins
  16 jackals
  6 quokkas
  6 bats
  5 frilled lizards
  4 goblin zombies (Ossuary)
  2 jackal zombies
  15 kobolds
  A leopard gecko skeleton (D:8)
  2 orc zombies (Ossuary)
  20 rats
  A rat zombie (Ossuary)
400 creatures vanquished.

Vanquished Creatures (collateral kills)
  An orc knight (D:9)
  An ice devil (IceCv)
  A troll (D:9)
  A shadow (D:9)
  A wraith (D:11)
  3 kobolds (D:11)
8 creatures vanquished.

Vanquished Creatures (others)
  A white imp (IceCv)
  5 ufetubi (IceCv)
  37 plants (D:11)
43 creatures vanquished.

Grand Total: 451 creatures vanquished

Notes
Turn   | Place    | Note
-------+----------+-------------------------------------------
     0 | D:1      | Anon1729 the Ghoul Monk began the quest for the Orb.
     0 | D:1      | Reached XP level 1. HP: 19/19 MP: 0/0
   274 | D:1      | Reached XP level 2. HP: 26/26 MP: 1/1
   935 | D:2      | Reached XP level 3. HP: 31/31 MP: 2/2
   957 | D:2      | Noticed Terence
   972 | D:2      | Killed Terence
   973 | D:2      | Reached skill level 3 in Stealth
  1211 | D:2      | Reached XP level 4. HP: 33/39 MP: 3/3
  1215 | D:2      | Reached skill level 1 in Armour
  1580 | D:3      | Noticed an ice beast
  1589 | D:3      | Killed an ice beast
  1590 | D:3      | Reached XP level 5. HP: 42/46 MP: 4/4
  1633 | D:3      | Reached skill level 4 in Stealth
  1944 | D:3      | Reached XP level 6. HP: 52/52 MP: 5/5
  2718 | D:4      | Noticed Robin
  3039 | D:4      | Killed Robin
  3146 | D:4      | Reached skill level 5 in Stealth
  3595 | D:4      | Reached XP level 7. HP: 60/60 MP: 6/6
  3598 | D:4      | Found a staircase to the Ecumenical Temple.
  3660 | Temple   | Entered the Ecumenical Temple
  3804 | Temple   | Became a worshipper of Uskayaw the Reveller
  3804 | Temple   | Reached * piety under Uskayaw
  3949 | D:5      | Entered Level 5 of the Dungeon
  3950 | D:5      | Found a sand-covered staircase.
  3992 | D:5      | Reached skill level 1 in Invocations
  3993 | D:5      | Reached ** piety under Uskayaw
  4003 | D:5      | Reached *** piety under Uskayaw
  4011 | Ossuary  | Entered an ossuary
  4079 | Ossuary  | Reached **** piety under Uskayaw
  4633 | Ossuary  | Reached skill level 5 in Short Blades
  4669 | Ossuary  | Reached skill level 6 in Stealth
  4933 | D:5      | Reached XP level 8. HP: 63/67 MP: 8/8
  4970 | D:5      | Reached skill level 5 in Fighting
  6512 | D:6      | Noticed Sigmund
  6571 | D:5      | Reached skill level 7 in Stealth
  6705 | D:6      | Killed Sigmund
  6760 | D:6      | Reached XP level 9. HP: 74/74 MP: 11/11
  6775 | D:6      | Found a sparkling altar of Nemelex Xobeh.
  7799 | D:7      | Reached skill level 5 in Invocations
  7963 | D:8      | Found an iron altar of Okawaru.
  8299 | D:8      | Noticed Harold
  8309 | D:8      | Reached skill level 8 in Stealth
  8329 | D:8      | Killed Harold
  8524 | D:8      | Found the +2 ratskin cloak {*Rats rPois rN+ Str-1 Int-1
                  | Dex+1}
  8658 | D:8      | Reached XP level 10. HP: 83/84 MP: 13/13
  8753 | D:8      | Reached skill level 9 in Stealth
  9123 | D:9      | Found Pokofo's Practical Paraphernalia.
  9622 | D:9      | Noticed a two-headed ogre
  9701 | D:8      | HP: 4/84 [phantom (3)]
 10037 | D:9      | Killed a two-headed ogre
 10291 | D:10     | Entered Level 10 of the Dungeon
 10309 | D:10     | Reached skill level 5 in Armour
 10317 | D:9      | Learned a level 2 spell: Passwall
 10414 | D:10     | Found a transporter.
 10674 | D:9      | Reached skill level 10 in Stealth
 10895 | D:10     | Found a transporter.
 10895 | D:10     | Noticed bmj180's ghost (journeyman TrMo)
 11030 | D:10     | Reached XP level 11. HP: 69/92 MP: 16/16
 11363 | D:10     | Found a roughly hewn altar of Beogh.
 11363 | D:10     | Found a staircase to the Orcish Mines.
 11363 | D:10     | Noticed an orc knight
 11947 | D:9      | Killed an orc knight
 12522 | D:11     | Noticed a cyclops
 12550 | D:11     | Killed a cyclops
 12551 | D:11     | Reached skill level 11 in Stealth
 12573 | D:11     | Found a staircase to the Lair.
 12810 | D:11     | Found a frozen archway.
 12824 | IceCv    | Entered an ice cave
 13110 | IceCv    | Noticed a reaper
 13153 | IceCv    | Killed a reaper
 13310 | IceCv    | Reached skill level 1 in Long Blades
 13335 | IceCv    | Reached XP level 12. HP: 101/101 MP: 18/18
 13883 | D:11     | Reached ***** piety under Uskayaw
 14367 | D:12     | Reached skill level 10 in Invocations
 14367 | D:12     | Noticed Rupert
 14380 | D:12     | Killed Rupert
 14381 | D:12     | Reached skill level 5 in Dodging
 14381 | D:12     | Reached skill level 12 in Stealth
 14383 | D:12     | Slain by a hell rat

Illustrated notes

Levels and vault maps discovered:
D:1:      scummos_arrival_star, layout_loops_cross
D:2:      layout_loops_cross, minmay_crystal_water, kennysheep_potato,
          uniq_terence
D:3:      layout_basic
D:4:      cheibrodos_thug_alley, layout_gridville, temple_green, uniq_robin
D:5:      layout_rooms, lightli_ossuary_entry_decrepit_ruins,
          serial_bayou_ford_a, minmay_diced_spiral
D:6:      layout_basic, nemelex_xobeh_ov_fountains_minmay, chequers_arboretum,
          uniq_sigmund
D:7:      layout_basic
D:8:      wander_guarded_unrand_ratskin, layout_rooms,
          okawaru_ov_weapons_minmay, uniq_harold
D:9:      layout_loops_ring, nicolae_alphabet_shops
D:10:     layout_long_grid, david_orc_5, gammafunk_ghost_stat_death,
          serial_glass, glass_columns_c, glass_columns_c, glass_columns_a,
          grunt_livestock
D:11:     layout_loops_ring, david_lair_shrubbed,
          portal_ice_cave_entry_pillars_2
D:12:     layout_rooms, uniq_rupert, uniq_snorg
Temple:   kilobyte_greek_temple

Skill      XL: |  1  2  3  4  5  6  7  8  9 10 11 12 |
---------------+-------------------------------------+-----
Short Blades   | 3 4 5 6 7 8 9 |  9.1
Dodging        | 3 5 |  5.1
Stealth        | 3 4 5 6 7 8 10 11 12 | 12.1
Armour         | 1 2 3 4 5 6 |  6.4
Fighting       | 4 5 6 7 8 |  8.5
Invocations    | 2 4 6 8 9 10 | 10.3
Long Blades    | 1 3 |  3.5

Action                   |  1- 3 |  4- 6 |  7- 9 | 10-12 || total
-------------------------+-------+-------+-------+-------++-------
Melee: Short sword       |    59 |       |       |       ||    59
       Dagger            |    25 |   217 |   691 |   928 ||  1861
       Demon blade       |       |       |       |   156 ||   156
Throw: Dart              |     2 |       |       |     4 ||     6
Invok: Stomp             |       |       |     1 |     5 ||     6
Evoke: Wand              |       |       |     5 |    14 ||    19
       Box of beasts     |       |       |       |     2 ||     2
  Use: Scroll            |       |       |     3 |    14 ||    17
       Potion            |       |       |       |     3 ||     3
 Stab: Sleeping          |     4 |    12 |    18 |    28 ||    62
       Paralysed         |       |       |     5 |    15 ||    20
       Distracted        |       |       |     2 |       ||     2
Armor: Leather armour    |    14 |    59 |   180 |   214 ||   467
       Robe              |     3 |       |       |    55 ||    58
Dodge: Dodged            |    47 |   145 |   272 |   536 ||  1000
       Rpst.: Demon blade |       |       |       |    39 ||    39

Table legend: (Time is in decaauts)
 A = Elapsed time spent in this place.
 B = Non-inter-level travel time spent in this place.
 C = Inter-level travel time spent in this place.
 D = Time resting spent in this place.
 E = Time spent auto-exploring this place.
 F = Levels seen in this place.
 G = Mean time per level.
                   A        B        C        D        E       F      G
               +--------+--------+--------+--------+--------+-----+--------+
         Total |  13815 |  13219 |    596 |   2085 |   6849 |  15 |  921.0 |
       Dungeon |  11939 |  11399 |    540 |   1672 |   6240 |  12 |  994.9 |
        Temple |    251 |    195 |     56 |      0 |    167 |   1 |  251.0 |
       Ossuary |    804 |    804 |      0 |    208 |    379 |   1 |  804.0 |
      Ice Cave |    819 |    819 |      0 |    205 |     63 |   1 |  819.0 |
               +--------+--------+--------+--------+--------+-----+--------+

Top non-repeatable levels by time:
     D:3: 1654 daAuts
     D:9: 1373 daAuts
    D:10: 1313 daAuts
     D:8: 1276 daAuts
     D:5: 1156 daAuts
    D:11: 1069 daAuts
     D:4: 1044 daAuts
     D:7: 929 daAuts
   IceCv: 819 daAuts
 Ossuary: 804 daAuts
     D:2: 772 daAuts
     D:1: 756 daAuts
     D:6: 562 daAuts
  Temple: 251 daAuts
    D:12: 31 daAuts
